General information
- name: BNet
- type: Ladder team game (AT/RT)
- host: Battle.net
- saver: ColdHardTimes
map: MarketSquare
- players: 8
- length: 41:06
- speed: Fast
- version: 1.26 W3XP
- replay type: Public
» download(250 KB)
Players
team 1 (winner)
BlazeFury (
blue | 59 APM | 1348 actions | 22:56)
3 Archmage
2 Summon Water Elemental
1 Brilliance Aura
2 Mountain King
1 Storm Bolt
1 Bash
1 Firelord
1 Soul Burn
» actions
| Assign group hotkey | 18 | |
| Basic commands | 16 | |
| Build / train | 77 | |
| Enter build submenu | 39 | |
| Enter hero's abilities submenu | 6 | |
| Give item / drop item | 7 | |
| Right click | 641 | |
| Select / deselect | 319 | |
| Select group hotkey | 139 | |
| Use ability | 86 | |
1348 total
» units
| Peasant | 12 | |
| Footman | 9 | |
| Gryphon Rider | 5 | |
26 total
» upgrades
| Lumber Harvesting | 2 | |
| Animal War Training | 1 | |
| Storm Hammers | 1 | |
| Swords | 1 | |
5 total
» buildings
| Altar of Kings | 1 | |
| Farm | 10 | |
| Barracks | 1 | |
| Scout Tower | 8 | |
| Arcane Vault | 2 | |
| Arcane Tower | 2 | |
| Keep | 1 | |
| Lumber Mill | 1 | |
| Guard Tower | 9 | |
| Castle | 1 | |
| Blacksmith | 1 | |
| Town Hall | 1 | |
| Gryphon Aviary | 2 | |
| Arcane Sanctum | 3 | |
43 total
» build order
00:32 Altar of Kings
00:43 Farm
01:02 Barracks
01:29 Farm
01:59 Farm
02:02 Farm
02:23 Scout Tower
02:31 Arcane Vault
02:53 Farm
02:55 Scout Tower
03:02 Scout Tower
03:06 Farm
03:25 Arcane Tower
03:58 Farm
04:04 Keep
04:07 Lumber Mill
04:26 Scout Tower
04:59 Scout Tower
05:06 Scout Tower
05:45 Guard Tower
05:48 Scout Tower
06:17 Guard Tower
06:19 Scout Tower
06:21 Arcane Tower
06:25 Castle
06:47 Blacksmith
07:43 Guard Tower
07:53 Town Hall
08:27 Gryphon Aviary
08:33 Gryphon Aviary
09:05 Guard Tower
09:06 Guard Tower
09:14 Guard Tower
09:15 Guard Tower
09:15 Guard Tower
10:17 Guard Tower
10:27 Arcane Vault
13:03 Farm
13:05 Farm
15:06 Farm
19:40 Arcane Sanctum
19:41 Arcane Sanctum
19:42 Arcane Sanctum
» items
| Scroll of Regeneration | 3 | |
| Ivory Tower | 6 | |
| Scroll of Town Portal | 3 | |
| Boots of Speed | 1 | |
| Dust of Appearance | 1 | |
| Potion of Healing | 4 | |
| Lesser Clarity Potion | 1 | |
| Orb of Fire | 2 | |
| Staff of Sanctuary | 1 | |
| Potion of Lesser Invulnerability | 1 | |
| Circlet of Nobility | 1 | |
24 total

»
mariam (
purple | 69 APM | 1579 actions | 22:50)
4 Mountain King
2 Storm Bolt
2 Bash
3 Dark Ranger
2 Silence
1 Life Drain
» actions
| Assign group hotkey | 26 | |
| Basic commands | 20 | |
| Build / train | 84 | |
| Enter build submenu | 38 | |
| Enter hero's abilities submenu | 7 | |
| Give item / drop item | 1 | |
| Remove unit from queue | 5 | |
| Right click | 540 | |
| Select / deselect | 321 | |
| Select group hotkey | 465 | |
| Use ability | 72 | |
1579 total
» units
| Peasant | 15 | |
| Footman | 8 | |
| Rifleman | 6 | |
| Mortar Team | 3 | |
| Flying Machine | 1 | |
| Dragonhawk Rider | 5 | |
| Knight | 2 | |
| Siege Engine | 2 | |
42 total
» upgrades
| Defend | 1 | |
| Masonry | 2 | |
| Long Rifles | 1 | |
| Lumber Harvesting | 1 | |
| Armor | 3 | |
| Cloud | 1 | |
| Flak Cannons | 0 | |
| Flying Machine Bombs | 0 | |
| Fragmentation Shards | 1 | |
| Animal War Training | 1 | |
| Plating | 2 | |
| Barrage | 1 | |
14 total
» buildings
| Farm | 15 | |
| Altar of Kings | 1 | |
| Barracks | 2 | |
| Scout Tower | 10 | |
| Arcane Tower | 2 | |
| Lumber Mill | 1 | |
| Arcane Vault | 2 | |
| Guard Tower | 4 | |
| Blacksmith | 1 | |
| Keep | 1 | |
| Town Hall | 1 | |
| Gryphon Aviary | 1 | |
| Workshop | 1 | |
| Castle | 1 | |
| Arcane Sanctum | 1 | |
44 total
» build order
00:15 Farm
00:23 Altar of Kings
00:41 Barracks
00:47 Barracks
01:14 Farm
01:34 Scout Tower
02:08 Arcane Tower
02:16 Scout Tower
02:46 Arcane Tower
02:59 Farm
03:03 Scout Tower
03:06 Lumber Mill
03:34 Scout Tower
03:41 Arcane Vault
03:44 Arcane Vault
04:18 Guard Tower
05:02 Scout Tower
05:35 Guard Tower
05:36 Farm
06:37 Blacksmith
07:00 Keep
08:53 Town Hall
08:55 Scout Tower
08:57 Scout Tower
08:58 Scout Tower
09:04 Scout Tower
09:10 Scout Tower
09:40 Guard Tower
09:59 Guard Tower
10:33 Gryphon Aviary
10:36 Workshop
13:03 Castle
14:24 Farm
14:25 Farm
14:27 Farm
15:08 Farm
15:10 Farm
15:11 Farm
16:51 Arcane Sanctum
19:27 Farm
19:30 Farm
19:32 Farm
20:34 Farm
20:36 Farm
» items
| Scroll of Regeneration | 2 | |
| Mechanical Critter | 1 | |
| Scroll of Town Portal | 2 | |
| Potion of Healing | 2 | |
| Lesser Clarity Potion | 1 | |
8 total
beerman (
orange | 25 APM | 568 actions | 23:01)
4 Crypt Lord
2 Carrion Beetles
1 Impale
1 Spiked Carapace
» actions
| Basic commands | 7 | |
| Build / train | 57 | |
| Enter build submenu | 23 | |
| Enter hero's abilities submenu | 4 | |
| Right click | 239 | |
| Select / deselect | 203 | |
| Use ability | 35 | |
568 total
» units
| Acolyte | 14 | |
| Ghoul | 4 | |
| Crypt Fiend | 21 | |
| Obsidian Statue | 1 | |
| Frost Wyrm | 1 | |
41 total
» upgrades
| Creature Attack | 3 | |
| Creature Carapace | 2 | |
| Web | 1 | |
6 total
» buildings
| Graveyard | 1 | |
| Crypt | 2 | |
| Ziggurat | 12 | |
| Altar of Darkness | 1 | |
| Halls of the Dead | 1 | |
| Tomb of Relics | 1 | |
| Spirit Tower | 3 | |
| Slaughterhouse | 1 | |
| Black Citadel | 1 | |
| Sacrificial Pit | 1 | |
| Boneyard | 2 | |
26 total
» build order
00:12 Graveyard
00:19 Crypt
00:42 Ziggurat
00:59 Altar of Darkness
01:16 Ziggurat
01:50 Crypt
02:18 Ziggurat
02:51 Ziggurat
06:55 Halls of the Dead
06:59 Ziggurat
07:36 Tomb of Relics
08:39 Ziggurat
08:43 Ziggurat
08:47 Ziggurat
08:51 Ziggurat
10:26 Spirit Tower
11:02 Ziggurat
11:06 Ziggurat
11:10 Ziggurat
11:20 Slaughterhouse
12:10 Spirit Tower
15:11 Black Citadel
15:50 Sacrificial Pit
17:59 Boneyard
18:05 Boneyard
19:51 Spirit Tower
ColdHardTimes (
green | 90 APM | 3716 actions | 41:06)
10 Mountain King
3 Storm Bolt
3 Thunder Clap
1 Avatar
3 Bash
» actions
| Assign group hotkey | 133 | |
| Basic commands | 58 | |
| Build / train | 215 | |
| ESC pressed | 29 | |
| Enter build submenu | 71 | |
| Enter hero's abilities submenu | 10 | |
| Give item / drop item | 2 | |
| Remove unit from queue | 1 | |
| Right click | 1453 | |
| Select / deselect | 485 | |
| Select group hotkey | 860 | |
| Use ability | 399 | |
3716 total
» units
| Peasant | 30 | |
| Footman | 7 | |
| Dragonhawk Rider | 7 | |
| Siege Engine | 1 | |
| Gryphon Rider | 4 | |
| Knight | 2 | |
51 total
» upgrades
| Masonry | 3 | |
| Swords | 4 | |
| Armor | 3 | |
| Lumber Harvesting | 2 | |
| Defend | 1 | |
| Cloud | 1 | |
| Animal War Training | 1 | |
| Barrage | 1 | |
| Storm Hammers | 1 | |
| Magic Sentry | 1 | |
| Fragmentation Shards | 1 | |
| Flak Cannons | 1 | |
| Plating | 1 | |
| Gunpowder | 1 | |
| Backpack | 1 | |
| Long Rifles | 1 | |
24 total
» buildings
| Altar of Kings | 1 | |
| Barracks | 1 | |
| Farm | 6 | |
| Scout Tower | 37 | |
| Arcane Tower | 10 | |
| Arcane Vault | 1 | |
| Lumber Mill | 5 | |
| Guard Tower | 38 | |
| Keep | 1 | |
| Town Hall | 4 | |
| Blacksmith | 1 | |
| Gryphon Aviary | 2 | |
| Castle | 5 | |
| Workshop | 3 | |
| Arcane Sanctum | 1 | |
| Cannon Tower | 13 | |
129 total
» build order
00:57 Altar of Kings
00:59 Barracks
01:01 Farm
01:07 Farm
01:18 Farm
01:44 Scout Tower
02:08 Farm
02:25 Arcane Tower
02:25 Arcane Tower
02:25 Arcane Tower
02:30 Arcane Vault
02:50 Scout Tower
03:42 Lumber Mill
05:09 Scout Tower
05:10 Scout Tower
05:12 Scout Tower
05:42 Guard Tower
05:42 Guard Tower
05:42 Guard Tower
05:43 Guard Tower
05:51 Keep
05:55 Scout Tower
06:20 Scout Tower
06:25 Guard Tower
06:25 Guard Tower
06:44 Town Hall
07:47 Scout Tower
08:20 Guard Tower
08:20 Guard Tower
08:23 Blacksmith
08:28 Scout Tower
08:57 Scout Tower
08:58 Scout Tower
09:00 Guard Tower
09:31 Guard Tower
10:00 Scout Tower
10:00 Scout Tower
10:01 Scout Tower
10:02 Scout Tower
10:06 Gryphon Aviary
10:21 Gryphon Aviary
10:26 Scout Tower
10:27 Scout Tower
10:28 Scout Tower
11:27 Guard Tower
11:27 Guard Tower
11:37 Castle
11:37 Castle
11:37 Castle
11:37 Castle
11:41 Scout Tower
11:42 Scout Tower
11:43 Scout Tower
11:45 Scout Tower
11:48 Scout Tower
12:15 Farm
16:00 Workshop
16:02 Workshop
16:05 Workshop
16:21 Farm
18:24 Guard Tower
18:24 Guard Tower
20:38 Arcane Sanctum
22:29 Town Hall
22:35 Lumber Mill
22:39 Lumber Mill
22:53 Scout Tower
22:55 Scout Tower
23:06 Scout Tower
23:09 Scout Tower
23:27 Guard Tower
23:28 Guard Tower
23:49 Guard Tower
23:50 Guard Tower
23:50 Guard Tower
23:50 Guard Tower
23:50 Guard Tower
23:51 Guard Tower
24:01 Scout Tower
24:02 Scout Tower
24:38 Arcane Tower
24:39 Arcane Tower
24:39 Arcane Tower
24:39 Arcane Tower
31:36 Town Hall
31:42 Lumber Mill
31:46 Lumber Mill
31:50 Scout Tower
31:52 Scout Tower
32:02 Scout Tower
32:03 Scout Tower
32:26 Guard Tower
32:53 Guard Tower
32:54 Guard Tower
32:54 Guard Tower
32:54 Guard Tower
33:00 Scout Tower
33:01 Scout Tower
33:04 Scout Tower
33:05 Scout Tower
35:02 Town Hall
35:04 Cannon Tower
35:05 Cannon Tower
35:05 Cannon Tower
35:05 Cannon Tower
36:58 Cannon Tower
37:00 Cannon Tower
37:01 Cannon Tower
» items
| Scroll of Regeneration | 7 | |
| Lesser Clarity Potion | 3 | |
| Boots of Speed | 1 | |
| Staff of Teleportation | 1 | |
| Scroll of Healing | 1 | |
| Scroll of Town Portal | 2 | |
| Potion of Healing | 1 | |
| Staff of Sanctuary | 1 | |
17 total
team 2 (loser)
Green.Tea. (
yellow | 57 APM | 2338 actions | 41:06)
6 Blademaster
3 Wind Walk
2 Critical Strike
1 Bladestorm
» actions
| Assign group hotkey | 17 | |
| Basic commands | 49 | |
| Build / train | 53 | |
| Enter build submenu | 16 | |
| Enter hero's abilities submenu | 6 | |
| Remove unit from queue | 1 | |
| Right click | 1587 | |
| Select / deselect | 195 | |
| Select group hotkey | 269 | |
| Use ability | 145 | |
2338 total
» units
| Peon | 14 | |
| Grunt | 5 | |
| Wind Rider | 4 | |
| Troll Batrider | 5 | |
28 total
» upgrades
| Ranged Weapons | 2 | |
| Armor | 1 | |
| Spiked Barricades | 1 | |
4 total
» buildings
| Altar of Storms | 1 | |
| Barracks | 1 | |
| Orc Burrow | 6 | |
| Voodoo Lounge | 1 | |
| War Mill | 1 | |
| Stronghold | 1 | |
| Watch Tower | 4 | |
| Beastiary | 2 | |
| Fortress | 3 | |
20 total
» build order
00:11 Altar of Storms
00:14 Barracks
00:21 Orc Burrow
01:47 Voodoo Lounge
02:12 Orc Burrow
04:36 War Mill
05:53 Stronghold
05:56 Watch Tower
06:24 Watch Tower
06:55 Watch Tower
07:17 Orc Burrow
07:55 Orc Burrow
08:37 Beastiary
08:41 Beastiary
09:12 Watch Tower
10:21 Orc Burrow
12:26 Fortress
12:27 Fortress
14:29 Orc Burrow
» items
| Healing Salve | 2 | |
| Lesser Clarity Potion | 2 | |
| Boots of Speed | 1 | |
| Circlet of Nobility | 2 | |
| Orb of Lightning | 1 | |
| Periapt of Vitality | 1 | |
9 total
ForeverSpy (
teal | 50 APM | 1785 actions | 35:41)
7 Keeper of the Grove
3 Entangling Roots
3 Thorns Aura
1 Tranquility
» actions
| Assign group hotkey | 31 | |
| Basic commands | 6 | |
| Build / train | 52 | |
| Enter build submenu | 13 | |
| Enter hero's abilities submenu | 7 | |
| Right click | 751 | |
| Select / deselect | 195 | |
| Select group hotkey | 639 | |
| Use ability | 91 | |
1785 total
» units
| Wisp | 12 | |
| Archer | 6 | |
| Huntress | 3 | |
| Dryad | 2 | |
| Druid of the Claw | 5 | |
28 total
» upgrades
| Ultravision | 1 | |
| Strength of the Wild | 2 | |
| Reinforced Hides | 2 | |
| Druid of the Claw Training | 2 | |
| Abolish Magic | 1 | |
| Mark of the Claw | 1 | |
| Well Spring | 1 | |
10 total
» buildings
| Altar of Elders | 1 | |
| Moon Well | 6 | |
| Ancient of War | 1 | |
| Ancient of Wonders | 1 | |
| Hunter's Hall | 1 | |
| Ancient Protector | 1 | |
| Tree of Ages | 1 | |
| Ancient of Lore | 2 | |
| Tree of Eternity | 1 | |
15 total
» build order
00:19 Altar of Elders
00:22 Moon Well
00:46 Ancient of War
01:30 Moon Well
01:33 Ancient of Wonders
01:36 Moon Well
02:26 Moon Well
03:04 Hunter's Hall
04:12 Ancient Protector
04:48 Tree of Ages
07:10 Ancient of Lore
07:11 Ancient of Lore
07:13 Tree of Eternity
08:01 Moon Well
10:35 Moon Well
» items
| Periapt of Vitality | 2 | |
| Potion of Lesser Invulnerability | 2 | |
4 total
AKA-DIPNOTA (
pink | 69 APM | 2845 actions | 41:06)
7 Goblin Tinker
3 Pocket Factory
3 Engineering Upgrade
1 Robo-Goblin
» actions
| Assign group hotkey | 30 | |
| Basic commands | 47 | |
| Build / train | 75 | |
| Enter build submenu | 24 | |
| Enter hero's abilities submenu | 7 | |
| Give item / drop item | 5 | |
| Right click | 1281 | |
| Select / deselect | 267 | |
| Select group hotkey | 845 | |
| Use ability | 262 | |
2845 total
» units
| Peasant | 15 | |
| Footman | 6 | |
| Gryphon Rider | 4 | |
| Dragonhawk Rider | 5 | |
30 total
» upgrades
| Masonry | 3 | |
| Lumber Harvesting | 2 | |
| Swords | 1 | |
| Armor | 1 | |
| Cloud | 1 | |
8 total
» buildings
| Altar of Kings | 1 | |
| Barracks | 1 | |
| Farm | 11 | |
| Scout Tower | 13 | |
| Arcane Tower | 2 | |
| Arcane Vault | 1 | |
| Town Hall | 3 | |
| Lumber Mill | 2 | |
| Keep | 1 | |
| Guard Tower | 8 | |
| Blacksmith | 1 | |
| Gryphon Aviary | 4 | |
| Castle | 1 | |
49 total
» build order
00:12 Altar of Kings
00:24 Barracks
00:39 Farm
00:52 Farm
01:36 Farm
01:47 Scout Tower
02:26 Arcane Tower
02:51 Arcane Vault
03:03 Farm
04:27 Town Hall
04:30 Lumber Mill
04:37 Lumber Mill
04:40 Scout Tower
04:40 Scout Tower
05:11 Arcane Tower
05:32 Keep
05:39 Scout Tower
05:39 Scout Tower
05:40 Scout Tower
05:43 Guard Tower
06:09 Guard Tower
06:13 Guard Tower
06:34 Scout Tower
06:34 Scout Tower
06:35 Scout Tower
07:01 Blacksmith
07:07 Guard Tower
07:21 Guard Tower
08:33 Gryphon Aviary
09:05 Gryphon Aviary
09:05 Gryphon Aviary
10:03 Castle
10:41 Farm
11:32 Gryphon Aviary
13:53 Scout Tower
13:53 Scout Tower
13:54 Scout Tower
13:54 Scout Tower
14:38 Guard Tower
16:36 Guard Tower
16:36 Guard Tower
16:48 Farm
16:48 Farm
16:48 Farm
16:49 Farm
16:49 Farm
16:49 Farm
20:15 Town Hall
22:56 Town Hall
» items
| Scroll of Regeneration | 7 | |
| Staff of Teleportation | 1 | |
| Scroll of Town Portal | 4 | |
| Potion of Healing | 3 | |
| Orb of Fire | 1 | |
16 total
DarkHammer (
red | 48 APM | 1958 actions | 41:06)
9 Blademaster
3 Wind Walk
3 Critical Strike
1 Bladestorm
2 Mirror Image
» actions
| Assign group hotkey | 108 | |
| Basic commands | 162 | |
| Build / train | 71 | |
| Enter build submenu | 43 | |
| Enter hero's abilities submenu | 10 | |
| Give item / drop item | 2 | |
| Right click | 867 | |
| Select / deselect | 317 | |
| Select group hotkey | 279 | |
| Use ability | 99 | |
1958 total
» units
| Peon | 20 | |
| Grunt | 4 | |
| Wind Rider | 12 | |
| Troll Batrider | 8 | |
44 total
» upgrades
| Reinforced Defenses | 1 | |
| Spiked Barricades | 1 | |
| Ranged Weapons | 3 | |
| Armor | 3 | |
| Troll Regeneration | 1 | |
| Liquid Fire | 1 | |
| Envenomed Spears | 1 | |
11 total
» buildings
| Orc Burrow | 6 | |
| Altar of Storms | 1 | |
| Barracks | 1 | |
| Voodoo Lounge | 1 | |
| Stronghold | 1 | |
| War Mill | 1 | |
| Great Hall | 2 | |
| Watch Tower | 25 | |
| Fortress | 1 | |
| Beastiary | 4 | |
43 total
» build order
00:17 Orc Burrow
01:11 Orc Burrow
01:15 Altar of Storms
01:17 Barracks
02:28 Voodoo Lounge
02:57 Stronghold
03:52 War Mill
05:07 Great Hall
05:19 Watch Tower
05:19 Watch Tower
05:20 Watch Tower
05:26 Orc Burrow
08:38 Watch Tower
08:39 Watch Tower
08:39 Watch Tower
08:39 Watch Tower
09:08 Fortress
09:10 Watch Tower
09:14 Watch Tower
09:19 Watch Tower
09:20 Watch Tower
09:21 Watch Tower
10:35 Watch Tower
14:07 Watch Tower
14:08 Watch Tower
14:09 Watch Tower
14:10 Watch Tower
14:45 Beastiary
14:46 Beastiary
14:48 Beastiary
14:51 Beastiary
14:55 Orc Burrow
14:57 Orc Burrow
14:59 Orc Burrow
23:14 Great Hall
23:17 Watch Tower
23:18 Watch Tower
23:18 Watch Tower
23:18 Watch Tower
23:20 Watch Tower
23:20 Watch Tower
23:21 Watch Tower
23:22 Watch Tower
» items
| Healing Salve | 1 | |
| Scroll of Town Portal | 1 | |
| Boots of Speed | 1 | |
| Staff of Teleportation | 1 | |
4 total
Chat log
(00:35 / All) AKA-DIPNOTA: gonna watch hunger games 2 tonight woo hoo!!!!!!
(00:45 / All) BlazeFury: faggit
(00:50 / All) ForeverSpy: LOL
(00:50 / All) Green.Tea.: WOO HOO
(00:51 / All) ColdHardTimes: poor man's battle royale
(01:07 / All) BlazeFury: cock sucking homo i knew it
(01:14 / Allies) BlazeFury: who
(01:18 / Allies) BlazeFury: could use gold
(01:20 / Allies) BlazeFury: while i tech
(01:30 / All) Green.Tea.: purple is russhing TP!!!
(01:51 / All) DarkHammer: hunger games is garbage
(02:00 / All) Green.Tea.: i hate popular things too
(02:09 / All) BlazeFury: attroucious trash
(02:21 / All) DarkHammer: It's complete shit written by a woman, just copied battle royale and made it suck
(02:35 / Allies) BlazeFury: invis
(02:38 / Allies) BlazeFury: morts
(02:40 / Allies) BlazeFury: i guess ehre
(03:28 / All) ColdHardTimes: LMAO
(03:30 / All) ColdHardTimes: tping a level 1 hero
(03:35 / All) ForeverSpy: LOL
(03:49 / All) ColdHardTimes: are you proud of that rush yellow?
(06:01 / Allies) ColdHardTimes: wood
(06:08 / All) ColdHardTimes: dumbass level 1 harasser
(06:25 / Allies) ColdHardTimes: ty
(06:28 / Allies) BlazeFury: griffs sound better
(06:30 / Allies) BlazeFury: actually
(10:15 / Allies) ColdHardTimes: wood
(10:23 / Allies) ColdHardTimes: ty
(10:58 / All) BlazeFury: lawl
(10:59 / All) BlazeFury: noobs
(11:38 / Allies) BlazeFury: wood?
(11:39 / Allies) BlazeFury: gold?
(13:17 / All) ColdHardTimes: yellow thinks he's so good
(13:23 / Allies) mariam: KOTG
(13:27 / All) AKA-DIPNOTA: luckiest tp ever
(13:35 / Allies) mariam: BM'
(14:23 / All) ColdHardTimes: fucking gay, couldn't bolt that bear
(14:29 / All) DarkHammer: lkawl
(14:31 / All) DarkHammer: Okay
(14:33 / All) BlazeFury: noob
(14:39 / All) DarkHammer: We'll see motherfucker
(14:55 / Allies) BlazeFury: can
(14:56 / Allies) BlazeFury: we
(14:58 / Allies) BlazeFury: go please?
(15:22 / All) DarkHammer: Blue is a dead man
(15:34 / Allies) BlazeFury: purple
(15:35 / Allies) BlazeFury: with me
(17:19 / Allies) BlazeFury: tp?
(17:31 / Allies) mariam: guess bit
(17:32 / Allies) mariam: not'11
(17:35 / Allies) mariam: 111
(17:36 / Allies) mariam: 1
(17:55 / All) ColdHardTimes: eat shit yellow
(18:35 / All) AKA-DIPNOTA: u suck blaze fury noob
(18:37 / All) AKA-DIPNOTA: !!!
(19:55 / Allies) mariam: TP
(20:05 / All) AKA-DIPNOTA: u suck noob blaze fury
(20:07 / Allies) mariam: YEWS?]
(20:07 / All) AKA-DIPNOTA: !!!
(20:11 / All) DarkHammer: Ready to die noobie?
(20:12 / Allies) mariam: tp or no
(20:21 / All) ForeverSpy: 3 arcane sanctus?
(20:23 / All) ForeverSpy: For what?
(21:28 / Allies) BlazeFury: go tp purple?
(21:38 / Allies) BlazeFury: go
(21:39 / Allies) BlazeFury: now
(21:40 / Allies) BlazeFury: gogogogog
(22:37 / All) AKA-DIPNOTA: blase fury is noob!!!
(22:37 / All) mariam: gg
(22:56 / All) DarkHammer: Mess with the best, die like the rest, noobie
(22:59 / All) ForeverSpy: LOL
(23:01 / All) ForeverSpy: owned
(23:13 / All) AKA-DIPNOTA: i didnt even see ywllows base die
(23:14 / All) AKA-DIPNOTA: or teals
(23:20 / All) ColdHardTimes: I raped yellow
(23:22 / All) ColdHardTimes: He's trash
(23:26 / All) ForeverSpy: its good im drunk
(23:38 / All) ForeverSpy: green too bad its a team game
(23:55 / All) AKA-DIPNOTA: claws for u red!!!
(24:08 / All) AKA-DIPNOTA: i serve my mster well
(24:21 / All) AKA-DIPNOTA: nor didi i see any
(24:27 / All) AKA-DIPNOTA: teals base die too
(25:21 / All) AKA-DIPNOTA: reds bm has over 100 dam
(26:15 / All) Green.Tea.: nice mh
(26:23 / All) ColdHardTimes: thanks
(26:41 / All) ForeverSpy: lmfao get killed by towers
(26:46 / All) Green.Tea.: noob talk and hacks
(26:51 / All) ColdHardTimes: lol
(26:53 / All) ColdHardTimes: you suck ass
(26:57 / All) ColdHardTimes: lost easy to my first attack
(26:59 / All) ColdHardTimes: ez-pz
(27:01 / All) ForeverSpy: LOL
(27:04 / All) Green.Tea.: says hacker
(27:05 / All) ColdHardTimes: lose your bm to a teleportation staff
(27:07 / All) Green.Tea.: that hits when i leave base
(27:13 / All) ForeverSpy: LOLOL
(27:17 / All) ColdHardTimes: i'd have wrecked you either way, you are trash
(27:25 / All) Green.Tea.: hackers talk trash
(27:31 / All) ColdHardTimes: and you are trash
(27:32 / All) Green.Tea.: loser
(27:34 / All) ForeverSpy: red has 12k
(27:37 / All) ForeverSpy: lmfao
(27:39 / All) Green.Tea.: cry more green
(27:45 / All) Green.Tea.: have hack
(27:46 / All) Green.Tea.: and ose
(27:49 / All) Green.Tea.: LOSEE
(27:55 / All) ColdHardTimes: you lost buddy
(27:56 / All) ColdHardTimes: not me
(28:01 / All) ColdHardTimes: you are level 1 harasser lol
(28:05 / All) ForeverSpy: LOLOOLOL
(28:08 / All) Green.Tea.: your an idiot
(28:12 / All) ColdHardTimes: *you're
(28:17 / All) Green.Tea.: hack+stupid not good combo
(28:27 / All) ForeverSpy: wtf is happening im getting tked
(28:33 / All) ColdHardTimes: you lost
(28:35 / All) ColdHardTimes: told you
(28:38 / All) AKA-DIPNOTA: teal is killing red
(28:44 / All) ForeverSpy: no
(28:47 / All) ForeverSpy: red is tking me
(28:49 / All) AKA-DIPNOTA: i saw man
(28:50 / All) ForeverSpy: dip shit
(28:53 / All) AKA-DIPNOTA: ur bears went after his hero
(28:53 / All) ColdHardTimes: teal is tker?
(28:54 / All) ColdHardTimes: LOL
(29:01 / All) AKA-DIPNOTA: kill teal
(29:10 / All) ForeverSpy: wowwww
(29:13 / All) ForeverSpy: idiotic team LOL!O!L!
(29:16 / All) ForeverSpy: green i want you to win
(29:17 / All) ForeverSpy: plz
(29:19 / All) Green.Tea.: yea bnet full of faggets
(29:28 / All) Green.Tea.: talk trash for no reason
(29:29 / All) DarkHammer: You just ran into THE WILD BUNCH!
(29:47 / All) ColdHardTimes: From where you're kneeling it must look like an 18 karat turn of bad luck
(29:49 / All) ColdHardTimes: But the truth is
(29:52 / All) ColdHardTimes: The game was rigged from the start
(29:59 / All) ForeverSpy: wait
(30:00 / All) AKA-DIPNOTA: YELLOW HAS 2 WYVERNS
(30:08 / All) ForeverSpy: green you're friends with these two?
(30:30 / All) ColdHardTimes: What do you think?
(30:33 / All) ColdHardTimes: You tell me, dumbass
(30:34 / All) ForeverSpy: yes
(30:37 / All) ForeverSpy: rofl
(31:19 / All) ForeverSpy: how did yall get a game together
(31:19 / All) ColdHardTimes: wtf lol
(31:22 / All) ColdHardTimes: you lost that to creeps
(31:33 / All) AKA-DIPNOTA: UD think a robo tinker could take it
(31:39 / All) DarkHammer: thanks creep
(31:42 / All) DarkHammer: helping me kill the tank
(31:46 / All) ColdHardTimes: LOL
(31:47 / All) AKA-DIPNOTA: perhaps it is the user
(33:00 / All) AKA-DIPNOTA: ill do better again
(33:22 / All) ColdHardTimes: I like the lumber mills at expos on this map
(33:23 / All) ColdHardTimes: it's pro
(33:34 / All) AKA-DIPNOTA: it looks more menacing than it really is
(33:43 / All) ColdHardTimes: it's psychological
(33:43 / All) AKA-DIPNOTA: of course im scared lots of things
(33:48 / All) AKA-DIPNOTA: pple making fun of my weight
(33:50 / All) ForeverSpy: so whos gonna win?
(33:51 / All) ColdHardTimes: plus it tanks if they're melee noobs
(33:55 / All) ColdHardTimes: not you
(34:00 / All) DarkHammer: It's a harder creep yet the item is shit
(34:33 / All) ForeverSpy: wow u guys are nerds
(34:47 / All) DarkHammer: Tell me something I don't know
(35:35 / All) AKA-DIPNOTA: orb of frost always drops on this map
(36:29 / All) DarkHammer: HERE AND NOW LET IF BE KNOWN FOR ALL TIME
(36:31 / All) ColdHardTimes: woot level 10
(36:33 / All) DarkHammer: HUNGER GAMES A SHIT
(36:38 / All) AKA-DIPNOTA: lol
(36:43 / All) AKA-DIPNOTA: i love the girl tho
(36:54 / All) AKA-DIPNOTA: she just slightly worse than bella thorne
(36:55 / All) DarkHammer: She's overrated because she starred in Hunger Games
(37:09 / All) AKA-DIPNOTA: i will marry bella thorne one day
(37:13 / All) AKA-DIPNOTA: she has dyslexia tho
(37:22 / All) DarkHammer: Haven't you already made her your waifu?
(37:39 / All) ColdHardTimes: level 10 mk is insane
(37:54 / All) ColdHardTimes: Only thing better than human heroes is undead heroes
(38:07 / All) DarkHammer: Especially with at least one pendant and then lots of periapts
(39:05 / All) AKA-DIPNOTA: i cant believe i got tome of power
(39:08 / All) AKA-DIPNOTA: my connection is shit
(39:10 / All) AKA-DIPNOTA: i shouldnt have
(39:23 / All) AKA-DIPNOTA: i wsa just rlight clicking random shit
(39:37 / All) ColdHardTimes: trapped lawl
(39:57 / All) AKA-DIPNOTA: its tradition i always lose my hero to one of u 2, my lieges
(39:59 / All) AKA-DIPNOTA: and lords
(40:06 / All) AKA-DIPNOTA: a vassal must obey his lord
(40:15 / All) DarkHammer: You strike your lord and the punishment is death
(40:31 / All) AKA-DIPNOTA: bm has over 100 damage yellow!
(40:56 / All) ColdHardTimes: no orb lol